 Dungeon Crawl Stone Soup version 0.31.0-9-g3a7656b989 (webtiles) character file.

Game seed: 9525734214335548634

458 Esce the Poker (level 6, -9/57 HPs)
             Began as a Minotaur Fighter on Jan 24, 2024.
             Mangled by Menkaure (18 damage)
             ... on level 4 of the Dungeon.
             The game lasted 00:20:47 (3771 turns).

Esce the Poker (Minotaur Fighter)                   Turns: 3771, Time: 00:20:48

Health: -9/57      AC: 15    Str: 29    XL:     6   Next: 77%
Magic:  5/5        EV:  7    Int:  5    God:
Gold:   146        SH:  4    Dex:  9    Spells: 5/5 levels left

rFire   . . .        a - +0 trident
rCold   . . .        c - +0 buckler
rNeg    . . .        e - +0 plate armour
rPois   .            (helmet restricted)
rElec   .            (no cloak)
rCorr   .            (no gloves)
SInv    .            (no boots)
Will    .....        p - amulet of the acrobat Stlth
                     b - +6 ring of strength
HPRegen 0.29/turn    g - +4 ring of protection
MPRegen 0.09/turn

%: acrobat
@: no status effects
A: horns 2, retaliatory headbutt
a: no special abilities


You were on level 4 of the Dungeon.
You visited 1 branch of the dungeon, and saw 4 of its levels.

You collected 146 gold pieces.

Inventory:

Hand Weapons
 a - a +0 trident (weapon)
 B - a +0 halberd
Armour
 c - a +0 buckler (worn)
 e - a +0 plate armour (worn)
Jewellery
 b - a +6 ring of strength (left hand)
 g - a +4 ring of protection (right hand)
 p - an amulet of the acrobat (around neck)
 D - a ring of wizardry
Talismans
 l - a beast talisman
 E - a storm talisman
Wands
 s - a wand of iceblast (9)
 y - a wand of flame (24)
 C - a wand of paralysis (8)
Scrolls
 h - a scroll of amnesia {unknown}
 i - a scroll of vulnerability {unknown}
 j - a scroll of teleportation {unknown}
 m - 2 scrolls of identify {unknown}
 o - a scroll of acquirement {unknown}
 r - a scroll of fear {unknown}
 t - a scroll of butterflies {unknown}
 u - 2 scrolls of blinking {unknown}
 x - a scroll of poison {unknown}
 F - a scroll of enchant weapon {unknown}
Potions
 d - 2 potions of might
 f - a potion of haste {unknown}
 k - a potion of magic {unknown}
 n - a potion of lignification {unknown}
 q - 2 potions of enlightenment {unknown}
 v - a potion of attraction {unknown}
 w - a potion of cancellation {unknown}
 z - 2 potions of curing {unknown}
 A - a potion of heal wounds {unknown}


   Skills:
 + Level 6.2 Fighting
 * Level 6.9 Polearms
 - Level 4.0 Armour
 - Level 3.8 Shields


You had 5 spell levels left.
You didn't know any spells.
Your spell library was empty.

Dungeon Overview and Level Annotations

Branches:
Dungeon (4/15)
 Temple: D:4-7

Altars:
Dithmenos
Elyvilon
Nemelex Xobeh
Okawaru
Sif Muna
Vehumet
Xom
Yredelemnul

Annotations:
D:4 Menkaure


Innate Abilities, Weirdness & Mutations

You have a pair of horns on your head.
You reflexively headbutt those who attack you in melee.


Message History

Menkaure seems to speed up.
Menkaure calls on the powers of darkness!
Your body is wracked with pain!
Menkaure calls on the powers of darkness!
Your body is wracked with pain!
* * * LOW HITPOINT WARNING * * *
Menkaure's bandages flutter.
There is a stone staircase leading up, spattered with blood here.
Menkaure gestures at you while chanting.
Pain shoots through your body!
* * * LOW HITPOINT WARNING * * *
You climb upwards.
There is a stone staircase leading down here.
You start resting.
HP restored.
You climb downwards.
Level annotation: Menkaure
There is a stone staircase leading up, spattered with blood here.
You barely miss Menkaure. You headbutt Menkaure.
Menkaure is lightly damaged.
Menkaure calls on the powers of darkness!
Your body is wracked with pain!
There is a stone staircase leading up, spattered with blood here.
You barely miss Menkaure.
Menkaure is lightly damaged.
You closely miss Menkaure.
Menkaure is lightly damaged.
Menkaure hits you!
You puncture Menkaure!
Menkaure is heavily damaged.
Menkaure blazes with dark energy!
Menkaure gestures at you while chanting.
Pain shoots through your body!
* * * LOW HITPOINT WARNING * * *
Unknown command.
Unknown command.
You hit Menkaure but do no damage. You headbutt Menkaure!
Menkaure is almost destroyed.
Menkaure hits you!!
You die...

.#
#.....#####.#................†
.#
#####....##.#########.########
## #######.##.#.........# #
#.....)....#.######### #
#.......#........... .......
#.......#..#.####### #####)#
#.......##....[.# .8.#
############M##.# .....
#@##.## ....g.. ####..## ....
.. #########..# .... ..
#......###.# .. #......# #M#
.. #......###)#########..
#.........)....)M).>..
#.......###.#####.#.##
#.......###.......#.#


You could see Menkaure.

Vanquished Creatures
  A black bear (D:4)
  A hound (D:4)
  2 bombardier beetles (D:4)
  An orc priest (D:2)
  Ijyb (D:4)
  2 orc wizards
  3 gnolls (D:4)
  8 adders
  2 dart slugs
  2 ribbon worms
  6 orcs
  5 endoplasms
  3 giant cockroaches
  9 goblins
  5 hobgoblins
  3 kobolds
  2 quokkas (D:4)
  7 ball pythons
  5 bats
  4 frilled lizards
  5 rats
77 creatures vanquished.

Notes
Turn   | Place    | Note
-------+----------+-------------------------------------------
     0 | D:1      | Esce the Minotaur Fighter began the quest for the Orb.
     0 | D:1      | Reached XP level 1. HP: 19/19 MP: 0/0
   194 | D:1      | Reached XP level 2. HP: 27/27 MP: 1/1
   554 | D:1      | Found a faded altar of an unknown god.
   896 | D:1      | Reached XP level 3. HP: 25/34 MP: 2/2
  1737 | D:3      | Reached XP level 4. HP: 41/41 MP: 3/3
  1918 | D:3      | Reached skill level 5 in Fighting
  2063 | D:3      | Reached XP level 5. HP: 48/48 MP: 4/4
  2102 | D:3      | Found a white marble altar of Elyvilon.
  2103 | D:3      | Found a shimmering blue altar of Sif Muna.
  2103 | D:3      | Found a radiant altar of Vehumet.
  2139 | D:3      | Found an iron altar of Okawaru.
  2139 | D:3      | Found a sparkling altar of Nemelex Xobeh.
  2143 | D:3      | Found a shadowy altar of Dithmenos.
  2143 | D:3      | Found a shimmering altar of Xom.
  2149 | D:3      | Found a basalt altar of Yredelemnul.
  2585 | D:3      | Reached skill level 5 in Polearms
  2843 | D:4      | Noticed Ijyb
  2847 | D:4      | Reached XP level 6. HP: 55/57 MP: 5/5
  2865 | D:4      | Killed Ijyb
  2937 | D:4      | Noticed Menkaure
  3771 | D:4      | Mangled by Menkaure

Illustrated notes

Levels and vault maps discovered:
D:1:      minmay_arrival_radiant_lines, layout_basic,
          shapermc_ecumenical_altar_flowoftime, amcnicky_mini_pool_small
D:2:      cheibrodos_old_hovel, layout_loops_corners
D:3:      layout_basic, grunt_temple_overflow_open
D:4:      kennysheep_the_goblin_king, layout_basic, uniq_menkaure

Skill      XL: |  1  2  3  4  5  6 |
---------------+-------------------+-----
Fighting       | 4 5 6 |  6.2
Armour         | 4 |  4.0
Polearms       | 3 4 5 6 |  6.9
Shields        | |  3.8

Action                     |  1- 3 |  4- 6 || total
---------------------------+-------+-------++-------
  Melee: Trident           |    85 |   136 ||   221
         Headbutt          |    10 |    17 ||    27
 Armour: Plate armour      |    49 |    56 ||   105
         Scale mail        |     1 |       ||     1
  Dodge: Dodged            |    20 |    27 ||    47
  Block: Buckler           |    15 |    15 ||    30
